[Event "Early-Titled-Tuesday-Blitz-April-16-2024"]
[Site "Chess.com"]
[Date "2024.04.16"]
[Round "4"]
[White "Timerkhanov"]
[Black "Yonousomodulo"]
[Result "1-0"]
[WhiteElo "2627"]
[BlackElo "2426"]
[TimeControl "180+1"]
[EndTime "8:40:37 PDT"]
[Termination "Timerkhanov won on time"]

1. d4 Nf6 2. Bg5 e6 3. Nd2 h6 4.
Bh4 d5 5. e3 Be7 6. Bd3 b6 7.
Ngf3 Bb7 8. Ne5 Nbd7 9. Bxf6 gxf6 10. Nef3 f5 11. O-O Nf6 12. Ne5 Rg8 13. Bb5+ Kf8 14. f4 Qd6 15. Bd3 c5 16. c3 Rg7 17. Qf3 Ne4 18. Bxe4 fxe4 19. Qh5 Bf6 20. Qxh6 Ke7 21. f5 Rag8 22. g3 cxd4 23. cxd4 Rh8 24. Qxh8 Rxg3+ 25. hxg3 Bxh8 26. fxe6 Bxe5 27. Rxf7+ Kxe6 28. dxe5 Qb4 29.
Rf6+ Kxe5 30. Raf1 Bc8 31. Nb3 Qe7 32. Nd4 Qxf6 33.
Rxf6 Kxf6 34. Kg2 Bd7 35. b4 a6 36. a3 Ke5 37. Ne2 Bb5 38. Nd4 Bd7 39. Kf2 Kd6 40.
Ke1 a5 41. bxa5 bxa5 42. Kd2 Kc5 43. Kc3 Kd6 44. Ne2 Ke5 45. Nd4 Kd6 46. Nb3 a4 47.
Nd4 Kc5 48. Ne2 Kd6 49. Kb4 Ke5 50. Nd4 Be8 51. Kc5 Bd7 52. Ne2 Bg4 53. Nc3 1-0

[Event "Early-Titled-Tuesday-Blitz-April-16-2024"]
[Site "Chess.com"]
[Date "2024.04.16"]
[Round "4"]
[White "campochess"]
[Black "AndrewB92"]
[Result "0-1"]
[WhiteElo "2209"]
[BlackElo "2465"]
[TimeControl "180+1"]
[EndTime "8:40:39 PDT"]
[Termination "AndrewB92 won by resignation"]

1. Nf3 g6 2. e4 Bg7 3. d4 d6 4. h3 Nd7 5. c4 c5 6. Nc3 cxd4 7.
Nxd4 Ngf6 8. Be3 O-O 9. Qd2 Nc5 10. f3 Bd7 11. Be2 Rc8 12. O-O a6 13. b3 e6 14.
Rad1 Qb6 15. Kh1 Rfd8 16. Nc2 Nh5 17. Bf2 Qc7 18. g4 Nf6 19. Bg3 Ne8 20. Nb4 Be5 21.
Bf2 Qa5 22. a3 Qxa3 23. Nd3 Nxd3 24. Bxd3 Qxb3 25. Ne2 Qa4 26. f4 Bg7 27. Bd4 Qc6 28. Bxg7 Nxg7 29. Ng3 f5 30. Qg2 Kh8 31. exf5 Qxg2+ 32. Kxg2 gxf5 33. gxf5 Nxf5 34. Nxf5 exf5 35. Rfe1 Rg8+ 36.
Kf2 Rcf8 37. Re7 Rg7 38. Rde1 Bc6 39. Rxg7 Kxg7 40. Re7+ Rf7 41. Re6 d5 42. Re5 dxc4 43. Bxc4 Rf6 44. Re7+ Kg6 45. h4 a5 46. h5+ Kxh5 47.
Rxh7+ Kg6 48. Rh3 Rd6 49. Rg3+ Kf6 50. Ke3 Bd5 51. Bd3 a4 52. Rg5 Be6 53. Rg2 a3 54.
Rg1 a2 55. Ra1 Rb6 56. Kd4 Rb2 57. Bc4 Rb4 58. Rxa2 Rxc4+ 59. Kd3 Rd4+ 60. Kxd4 Bxa2 0-1

[Event "Early-Titled-Tuesday-Blitz-April-16-2024"]
[Site "Chess.com"]
[Date "2024.04.16"]
[Round "4"]
[White "vasblesk"]
[Black "BogdanDeac"]
[Result "0-1"]
[WhiteElo "2822"]
[BlackElo "3029"]
[TimeControl "180+1"]
[EndTime "8:40:40 PDT"]
[Termination "BogdanDeac won by resignation"]

1. d4 Nf6 2. c4 e6 3. Nf3 d5 4. g3 dxc4 5. Bg2 Nc6 6. O-O Rb8 7.
a4 Be7 8. Na3 Na5 9. Ne5 Nb3 10.
Rb1 Nxc1 11. Rxc1 O-O 12. Naxc4 c6 13. Qd2 Nd7 14. Nd3 Nb6 15. Nxb6 axb6 16. e3 Ra8 17. Qc2 Bd7 18. b4 Bd6 19. Ra1 Qe7 20. a5 bxa5 21. bxa5 e5 22. dxe5 Bxe5 23. Nxe5 Qxe5 24.
Rfb1 Rfd8 25. Qb2 Qxb2 26. Rxb2 Bc8 27. a6 Ra7 28. h4 g6 29. Rb6 bxa6 30. Rxc6 a5 31.
Rc5 a4 32. Bc6 a3 33. Bd5 Be6 34. Bxe6 fxe6 35. Ra2 Rd3 36. Kg2 Rb3 37. Rcc2 Kf7 38. Kf3 h6 39. Ke2 g5 40. hxg5 hxg5 41. Kd2 Rd7+ 42.
Ke2 Rdb7 43. Kd2 Kf6 44. Ke2 Kf5 45. Rc5+ e5 46. Rcc2 e4 47. Rc5+ Kg4 48. Rcc2 Rb2 49. Kd1 Rxa2 50. Rxa2 Rb1+ 51. Kc2 Rb2+ 52. Rxb2 axb2 53. Kxb2 Kf3 54. Kc3 Kxf2 55. Kd4 Kxg3 56. Kxe4 g4 57. Kf5 Kf3 58. e4 g3 59. e5 g2 60. e6 g1=Q 61. Kf6 Qg8 62. e7 Qe8 0-1

[Event "Early-Titled-Tuesday-Blitz-April-16-2024"]
[Site "Chess.com"]
[Date "2024.04.16"]
[Round "4"]
[White "Egor_Koshulyan"]
[Black "nickmatta"]
[Result "0-1"]
[WhiteElo "2723"]
[BlackElo "2559"]
[TimeControl "180+1"]
[EndTime "8:40:44 PDT"]
[Termination "nickmatta won on time"]

1. e4 c5 2. Nf3 Nf6 3. e5 Nd5 4. Nc3 e6 5. Ne4 Nc6 6. Bb5 f5 7. Nc3 Nde7 8. O-O a6 9. Bxc6 Nxc6 10. d4 cxd4 11. Nxd4 Nxe5 12. Re1 Qf6 13. Qe2 Nc6 14.
Nd5 Qxd4 15. Nc7+ Kf7 16. Nxa8 Bd6 17. Rd1 Qe5 18. Qxe5 Bxe5 19. Nb6 d5 20. c3 Bc7 21.
Be3 Ne5 22. b3 Bd7 23. Bf4 Bxb6 24. Bxe5 Rc8 25. Rac1 Bc5 26. c4 Ba3 27. Rc3 Bb2 28. Re3 Bxe5 29. Rxe5 Bc6 30. c5 a5 31. a3 b6 32. cxb6 Rb8 33. f4 Rxb6 34. Re3 a4 35. bxa4 Bxa4 36. Rd4 Rb1+ 37. Kf2 Bb5 38. a4 Rf1+ 39. Kg3 Bc4 40. Ra3 g5 41. a5 e5 42.
fxe5 f4+ 43. Kh3 Kg6 44. g4 Rc1 45. Kg2 Rc2+ 46. Kg1 Rc1+ 47. Kf2 Rc2+ 48. Ke1 Re2+ 49. Kd1 Rxh2 50. a6 f3 51. Rxf3 Ra2 52. Rf6+ Kg7 53. Rb6 Rxa6 54. Kd2 Rxb6 55. Ke3 Rb3+ 56. Kf2 Rd3 57. Rf4 gxf4 0-1

[Event "Early-Titled-Tuesday-Blitz-April-16-2024"]
[Site "Chess.com"]
[Date "2024.04.16"]
[Round "4"]
[White "David_George21"]
[Black "lluiss"]
[Result "0-1"]
[WhiteElo "2304"]
[BlackElo "2093"]
[TimeControl "180+1"]
[EndTime "8:40:44 PDT"]
[Termination "lluiss won on time"]

1. e4 c5 2. Nf3 d6 3. d4 cxd4 4. Nxd4 Nf6 5. Nc3 g6 6. Be3 Bg7 7. f3 O-O 8. Qd2 Nc6 9. g4 Nxd4 10. Bxd4 Be6 11. h4 Qa5 12. h5 Rfc8 13. hxg6 hxg6 14. Be2 Bc4 15. g5 Nh5 16. Bxg7 Kxg7 17. Bxc4 Rxc4 18.
O-O-O Rac8 19. Kb1 R8c6 20. f4 Rxc3 21. bxc3 Qa3 22. Ka1 Nxf4 23. Rb1 e5 24. Rb3 Qa6 25. Rhb1 b6 26. Qe3 Kf8 27. Qd2 Ke7 28. Qh2 Ne6 29.
Qh8 Nxg5 30. Qh6 Ne6 31. Qh4+ Kd7 32. Qf6 Nd8 33. Qg7 Qc4 34. Qf6 Qxe4 35. Rg1 Qxc2 36. Rgb1 Rxc3 37. Qg7 Rxb3 38. Rxb3 Qc1+ 39. Rb1 Qc3+ 40.
Rb2 Qd4 41. Kb1 Qe4+ 42. Ka1 Qe1+ 43. Rb1 Qc3+ 44. Rb2 Ke7 45. Qh6 Ne6 46. Qh4+ Kf8 47. Qh8+ Ke7 48. Qh4+ Kd7 49. Qh7 Nd8 50. Qg8 b5 51. Qf8 b4 52. Qg7 a5 53. Qf6 a4 54.
Kb1 a3 55. Rc2 Qd3 56. Kc1 b3 57. axb3 Qxb3 58. Rd2 Qb6 0-1

[Event "Early-Titled-Tuesday-Blitz-April-16-2024"]
[Site "Chess.com"]
[Date "2024.04.16"]
[Round "4"]
[White "scarabee43"]
[Black "shimastream"]
[Result "0-1"]
[WhiteElo "2828"]
[BlackElo "3042"]
[TimeControl "180+1"]
[EndTime "8:40:45 PDT"]
[Termination "shimastream won by resignation"]

1. Nf3 b6 2. c4 Bb7 3. Nc3 Nf6 4. b3 g6 5. Bb2 Bg7 6. e3 O-O 7. Be2 c5 8. O-O d6 9. d4 e6 10.
Qc2 Qe7 11. Rad1 a6 12. d5 exd5 13. Nxd5 Bxd5 14. cxd5 b5 15. a4 b4 16. Nd2 Nbd7 17.
Nc4 a5 18. Rfe1 Rfb8 19. Bf1 Nb6 20. e4 Nxc4 21. Bxc4 Nd7 22. Bb5 Ra7 23. Re3 Be5 24. Rf1 Qf6 25. Bxe5 Nxe5 26. f4 Ng4 27. Rd3 Re7 28.
h3 Nh6 29. e5 dxe5 30. fxe5 Qxe5 31. d6 Re6 32. d7 Rd8 33. Qd2 Nf5 34. Rd5 Qe3+ 35.
Kh2 Qxd2 36. Rxd2 Nd4 37. Rd3 Kf8 38. Rc1 Re5 39. Rf1 Ke7 40. Bc4 f5 41. Bb5 Nxb5 42. axb5 Rxd7 43. Rxd7+ Kxd7 44. Ra1 Kc7 45. Rxa5 Kb6 46.
Ra6+ Kxb5 47. Ra7 Re3 48. Rb7+ Kc6 49. Rxh7 Rxb3 50. Rg7 Rd3 51. Rxg6+ Rd6 52. Rg8 b3 53. Rb8 c4 54. Kg3 Kc5 55. Rc8+ Kd4 56. Rb8 c3 57. Rb4+ Ke3 58. Rxb3 Rg6+ 59. Kh4 Kd2 60. Rb5 c2 61.
Rd5+ Ke3 62. Rc5 Kd3 63. g4 f4 64. g5 f3 65. Kh5 f2 66. Kxg6 f1=Q 67. h4 c1=Q 68.
Rxc1 Qxc1 69. h5 Ke4 70. h6 Qc6+ 71. Kg7 Kf5 72. h7 Qd7+ 73. Kg8 Kg6 74. h8=N+ Kxg5 0-1

[Event "Early-Titled-Tuesday-Blitz-April-16-2024"]
[Site "Chess.com"]
[Date "2024.04.16"]
[Round "4"]
[White "Caradhrast"]
[Black "ragnaroek66"]
[Result "1-0"]
[WhiteElo "2664"]
[BlackElo "2516"]
[TimeControl "180+1"]
[EndTime "8:40:45 PDT"]
[Termination "Caradhrast won by resignation"]

1. e4 c6 2. Nc3 d5 3. Nf3 Bg4 4. h3 Bxf3 5. Qxf3 e6 6. d4 dxe4 7. Nxe4 Qxd4 8. Bd3 Nd7 9. c3 Qd5 10. Bf4 Ne5 11. Bxe5 Qxe5 12. O-O-O Nf6 13. Nxf6+ Qxf6 14. Qg3 Bc5 15. f3 Be3+ 16. Kb1 O-O 17. Bc2 Qf4 18.
Qxf4 Bxf4 19. Rd7 b6 20. Rhd1 Rfc8 21. Be4 g5 22. g4 Rc7 23. Rxc7 Bxc7 24. Rd7 Be5 25.
Bxc6 Rc8 26. Be4 Rc7 27. Rd8+ Kg7 28. Kc2 h6 29. Kd3 a5 30. a4 Kf6 31. Kc2 Ke7 32.
Ra8 Kd6 33. Ra6 Kc5 34. Ra8 Rd7 35. Rc8+ Rc7 36. Rd8 Re7 37. b3 b5 38. Ra8 Bc7 39. axb5 Kxb5 40. Ra7 Rd7 41. Rb7+ Kc5 42. Bd3 Kd6 43. Bb5 Re7 44. Ra7 f5 45. Ra6+ Ke5 46.
gxf5 Kxf5 47. Bc4 Kf4 48. Bxe6 Kxf3 49. Bg4+ Kf4 50. Rxh6 Re3 51. Rc6 Be5 52. Rc5 Re2+ 53. Kd3 Re3+ 54. Kd2 Re4 55. Rxa5 Kg3 56. Ra4 Bf4+ 57.
Kd3 Re8 58. Rd4 Re3+ 59. Kc4 Re1 60. b4 Be5 61. Rd5 Re3 62. Rd3 Rxd3 63. Kxd3 Kf4 64.
c4 Bd6 65. c5 Be7 66. Kd4 1-0

[Event "Early-Titled-Tuesday-Blitz-April-16-2024"]
[Site "Chess.com"]
[Date "2024.04.16"]
[Round "4"]
[White "bobo_panda"]
[Black "tomesao"]
[Result "1-0"]
[WhiteElo "2360"]
[BlackElo "2526"]
[TimeControl "180+1"]
[EndTime "8:40:46 PDT"]
[Termination "bobo_panda won by resignation"]

1. e4 c6 2. d4 d5 3. e5 Bf5 4. h4 h5 5. Bd3 Bxd3 6. Qxd3 Qa5+ 7. Nd2 e6 8. Ne2 Ne7 9. Ng3 c5 10. dxc5 Qxc5 11. Nb3 Qc7 12. f4 Nbc6 13. c3 g6 14. Be3 Nf5 15. Nxf5 gxf5 16. Nd4 Rg8 17. Kf2 Bc5 18. Nb5 Qb6 19. Nd6+ Ke7 20. Bxc5 Qxc5+ 21. Kf3 d4 22. Qb5 Qxb5 23. Nxb5 a6 24. Nxd4 Nxd4+ 25. cxd4 Rgd8 26. Ke3 Rg8 27. Rac1 Kd7 28. Kf3 Rac8 29.
Rc3 Rxc3+ 30. bxc3 Rc8 31. Rc1 Rc4 32. Ke3 Kc6 33.
Kd3 b5 34. Rb1 Ra4 35. Rb2 Kd5 36. Rf2 Ra3 37. Rb2 Ra4 38. Rf2 Rc4 39. Rc2 b4 40. g3 a5 41. cxb4 Rxd4+ 42. Ke3 Re4+ 43. Kf3 Rxb4 44. Rc7 Ra4 45. Rxf7 Ra3+ 46. Kg2 Rxa2+ 47. Kh3 a4 48. Ra7 a3 49. Ra4 Ra1 50. Kh2 Kc5 51.
Kg2 Kb5 52. Ra8 Kc4 53. Ra6 Kb3 54. Rxe6 a2 55. Rb6+ Kc4 56. Ra6 Kb5 57. Ra8 Kb4 58.
e6 Re1 59. Rxa2 Rxe6 60. Rc2 Kb5 61. Kf3 Ra6 62. Rc8 Ra3+ 63. Kg2 Ra6 64. Rh8 Kc4 65.
Rxh5 Rf6 66. Kf3 Kd4 67. Rg5 Kd5 68. h5 Ke6 69. Rg6 Rxg6 70. hxg6 Kf6 71. Ke3 Kxg6 72. Kd4 Kh5 73. Ke5 Kg4 74. Kf6 Kxg3 75. Kxf5 1-0

[Event "Early-Titled-Tuesday-Blitz-April-16-2024"]
[Site "Chess.com"]
[Date "2024.04.16"]
[Round "4"]
[White "klercaku"]
[Black "SaiAgni_98"]
[Result "1/2-1/2"]
[WhiteElo "2191"]
[BlackElo "2476"]
[TimeControl "180+1"]
[EndTime "8:40:46 PDT"]
[Termination "Game drawn by repetition"]

1. e4 c6 2. d4 d5 3. exd5 cxd5 4. Bd3 Nc6 5. c3 Nf6 6. h3 g6 7. Ne2 Bg7 8. O-O O-O 9. Bf4 Bf5 10. Bxf5 gxf5 11.
Ng3 e6 12. Nd2 Kh8 13. Nf3 Ne4 14. Nh5 Rg8 15. Nd2 Qh4 16. Nxe4 dxe4 17. Bg3 Qg5 18. Bf4 Qg6 19. Ng3 Bh6 20. Qd2 Bxf4 21. Qxf4 Qg5 22. Qxg5 Rxg5 23. Ne2 f6 24. Nf4 e5 25. Ne6 Rg6 26. d5 Nd8 27. Nc5 b6 28. Nd7 Rc8 29. Rad1 Rc7 30. Nf8 Rg8 31. Ne6 Rd7 32.
Nxd8 Rgxd8 33. c4 Kg7 34. b3 Kf7 35. f3 exf3 36. Rxf3 f4 37. Kf2 Rg8 38. g3 fxg3+ 39. Rxg3 Rxg3 40. Kxg3 f5 41. Rf1 Kg6 42. Kf3 Kg5 43.
Rg1+ Kh4 44. Rg8 a5 45. Rf8 Kg5 46. Re8 Kf6 47. Ke3 Rd6 48. Rh8 Kg7 49. Re8 Kf6 50. Rf8+ Kg6 51. Re8 Kf7 52. Rh8 Kg7 53. Re8 Kf6 1/2-1/2

[Event "Early-Titled-Tuesday-Blitz-April-16-2024"]
[Site "Chess.com"]
[Date "2024.04.16"]
[Round "4"]
[White "sokidze"]
[Black "Elnaz_Kaliakhmet"]
[Result "1-0"]
[WhiteElo "2815"]
[BlackElo "2569"]
[TimeControl "180+1"]
[EndTime "8:40:47 PDT"]
[Termination "sokidze won by resignation"]

1. d4 Nf6 2. c4 e6 3. Nf3 Bb4+ 4. Bd2 a5 5. g3 d6 6. Bg2 Nbd7 7. O-O e5 8. a3 Bxd2 9. Qxd2 O-O 10. Nc3 c6 11. Rad1 e4 12. Nh4 d5 13. Nf5 Nb6 14. Ne3 Be6 15.
cxd5 cxd5 16. Rc1 a4 17. Nb5 Rc8 18. Qb4 Nfd7 19. Nd6 Rxc1 20. Rxc1 Qb8 21. h3 f5 22. Nf1 f4 23. gxf4 Rxf4 24. e3 Rf6 25. Ng3 Bf7 26. Nxf7 Rxf7 27. Bf1 g6 28. Bb5 h5 29. h4 Qd8 30.
Qd6 Qxh4 31. Bxd7 Nxd7 32. Qxd5 Nf6 33. Qe6 Qg4 34. Qxg4 Nxg4 35. Nxe4 Re7 36. Ng5 Kg7 37. Rc5 Kh6 38. Kg2 Nf6 39. Rb5 b6 40. Re5 Rxe5 41.
Nf7+ Kg7 42. Nxe5 Nd5 43. Nc4 Kf6 44. Kf3 g5 45. e4 g4+ 46. Kg3 Nc7 47. Nxb6 Nb5 48. d5 Ke5 49. Nc4+ Kd4 50. d6 Na7 51. Na5 Ke5 52. d7 Nc6 53. Nxc6+ Kd6 54. d8=Q+ Kxc6 55. Qd5+ Kb6 56. Qxh5 Kc7 57. Kxg4 Kb6 58. Qd5 Kc7 59. f4 Kb6 60. f5 1-0

[Event "Early-Titled-Tuesday-Blitz-April-16-2024"]
[Site "Chess.com"]
[Date "2024.04.16"]
[Round "4"]
[White "esrosenberg"]
[Black "PawnEatingZombie"]
[Result "0-1"]
[WhiteElo "2379"]
[BlackElo "2250"]
[TimeControl "180+1"]
[EndTime "8:40:49 PDT"]
[Termination "PawnEatingZombie won by checkmate"]

1. d4 Nf6 2. Nf3 g6 3. Nc3 d5 4. Bf4 Bg7 5. Nb5 Na6 6. e3 O-O 7. h3 c6 8. Nc3 Nc7 9. Be2 Nce8 10. O-O Nd6 11. a4 b6 12. a5 b5 13. Ne5 Qe8 14. a6 Nc4 15. b3 Nxe5 16. Bxe5 Nd7 17. Bxg7 Kxg7 18. e4 Nf6 19. e5 Nd7 20. f4 e6 21.
g4 Qe7 22. Qe1 f6 23. Qh4 Rf7 24. g5 f5 25. Bd3 Nb8 26. Qh6+ Kg8 27. Ra2 Qf8 28.
Qxf8+ Kxf8 29. Rfa1 Nd7 30. Nd1 Ke7 31. c3 Kd8 32.
Ne3 Kc7 33. Nc2 Kb6 34. Nb4 c5 35. dxc5+ Nxc5 36. Bc2 Bd7 37. Kf2 Rc8 38. Ke3 Be8 39. Kd4 Rfc7 40. h4 Ne4 41. Bxe4 dxe4 42. Rc1 Rd8+ 43.
Ke3 Rcd7 44. c4 Kc5 45. Nd5 exd5 46. cxd5+ Kxd5 47. Rd2+ Ke6 48. Rc6+ Ke7 49. Rdd6 Rxd6 50. exd6+ Rxd6 51. Rc7+ Rd7 52. Rc8 Bf7 53. b4 Bc4 54.
Rh8 Kd6 55. h5 Kc6 56. h6 Rd3+ 57. Kf2 Rf3+ 58. Kg2 Rxf4 59. Rc8+ Kb6 60. Rd8 e3 61. Rd7 e2 62. Re7 Re4 63. Rxe4 fxe4 64. Kf2 Kxa6 65. Ke1 Kb6 66. Kd2 a5 67. Ke1 a4 68. Kd2 a3 69.
Ke1 a2 70. Kd2 a1=Q 71. Ke3 e1=Q+ 72. Kf4 Qf2+ 73. Kxe4 Qae1# 0-1

[Event "Early-Titled-Tuesday-Blitz-April-16-2024"]
[Site "Chess.com"]
[Date "2024.04.16"]
[Round "4"]
[White "AnishOnYoutube"]
[Black "MarcoRiehle"]
[Result "1/2-1/2"]
[WhiteElo "3041"]
[BlackElo "2732"]
[TimeControl "180+1"]
[EndTime "8:40:50 PDT"]
[Termination "Game drawn by repetition"]

1. Nf3 c5 2. c4 Nf6 3. Nc3 d5 4. cxd5 Nxd5 5. e3 Nc6 6. Bb5 e6 7. Ne5 Qc7 8. Nxc6 bxc6 9. Be2 Be7 10. O-O O-O 11. b3 Nxc3 12. dxc3 Bf6 13. Qc2 a5 14. a4 Ba6 15. Bxa6 Rxa6 16. Ba3 Qe5 17. Rab1 Rd8 18. c4 Ra7 19. Rfd1 Rad7 20. h3 h6 21. Rxd7 Rxd7 22. Rd1 Qc3 23. Qb1 Rxd1+ 24. Qxd1 Be7 25. Kf1 f5 26. Ke2 Kf7 27. Bc1 e5 28. Bd2 Qb2 29. Ke1 Bd8 30. Qh5+ Kf6 31. Qh4+ g5 32. Qxh6+ Kf7 33.
Qh5+ Kf6 34. Qh8+ Ke7 35. Qh7+ Ke6 36. Qg6+ Bf6 37. Qe8+ Kd6 38. Qf8+ Be7 39. Qxf5 Qxb3 40. Ke2 Qxa4 41. Bc3 Qxc4+ 42. Qd3+ Qd5 43. e4 c4 44. Qc2 Qb5 45. Qd2+ Ke6 46. Kf3 a4 47. g3 a3 48.
Kg4 Qb3 49. h4 gxh4 50. gxh4 a2 51. h5 Qb1 52. Qh6+ Kd7 53. Qd2+ Qd3 54. Qxd3+ cxd3 55. Kf3 c5 56. h6 Bf6 57. Ke3 c4 58. h7 Bh8 59. Ba1 Kc6 60. Kd2 Kb5 61. f4 Ka4 62. fxe5 Kb3 63. Bd4 Kb4 64. Ba1 Kb3 65. Bc3 Ka4 66.
Ba1 Kb3 1/2-1/2

[Event "Early-Titled-Tuesday-Blitz-April-16-2024"]
[Site "Chess.com"]
[Date "2024.04.16"]
[Round "4"]
[White "Matibar"]
[Black "Rud_Makarian"]
[Result "1-0"]
[WhiteElo "2835"]
[BlackElo "3013"]
[TimeControl "180+1"]
[EndTime "8:40:52 PDT"]
[Termination "Matibar won on time"]

1. e4 c5 2. Nf3 d6 3. Bb5+ Nd7 4.
d4 cxd4 5. Qxd4 a6 6. Bxd7+ Bxd7 7. O-O Rc8 8. Nc3 e5 9. Qd3 Qc7 10. Rd1 Be7 11. Nd2 Nf6 12. Nf1 h6 13. Ne3 Be6 14.
a4 O-O 15. a5 Rfd8 16. Bd2 Qc6 17. Ncd5 Bxd5 18. exd5 Qd7 19. c4 e4 20. Qd4 Re8 21. Bc3 Bf8 22. h3 Nh5 23. b4 Nf4 24. Kf1 f5 25. h4 Qf7 26. g3 Nh5 27. Re1 f4 28. gxf4 Nxf4 29. Ng2 Nd3 30. Re2 Ne5 31. c5 dxc5 32. Qxe4 Nf3 33. Qf4 cxb4 34. Qxf7+ Kxf7 35. Rxe8 Rxe8 36. Bb2 Bc5 37. Rd1 Ke7 38. Nf4 Kd7 39. Ne6 Kd6 40. Bxg7 h5 41. Bh6 Rxe6 42. dxe6+ Kxe6 43. Be3 Be7 44. Ke2 Nxh4 45. Rh1 Bf6 46. Kd3 b3 47. Bd4 Bxd4 48. Kxd4 Nf5+ 49. Kc3 h4 50. Kxb3 Ke5 51. Kc4 Kf4 52. Kc5 Kf3 53. Kb6 Kg2 54. Rd1 h3 55. Kxb7 h2 56. Kxa6 Nd4 57.
Kb6 Ne2 58. a6 Nc3 59. Rc1 Nd5+ 60. Kb7 1-0

[Event "Early-Titled-Tuesday-Blitz-April-16-2024"]
[Site "Chess.com"]
[Date "2024.04.16"]
[Round "4"]
[White "Eloist"]
[Black "szefru"]
[Result "1-0"]
[WhiteElo "2493"]
[BlackElo "2282"]
[TimeControl "180+1"]
[EndTime "8:40:53 PDT"]
[Termination "Eloist won by checkmate"]

1. e4 Nf6 2. e5 Nd5 3. d4 d6 4. Nf3 g6 5. Bc4 c6 6. O-O Bg7 7. exd6 Qxd6 8. Nbd2 Bf5 9. Re1 O-O 10. Ne4 Bxe4 11. Rxe4 Nd7 12. Bg5 Rfe8 13. Qd2 N7b6 14. Bb3 Nf6 15. Re2 a5 16. Bf4 Qd8 17. a3 Nbd5 18. Bg5 a4 19. Ba2 b5 20. Ne5 Qb6 21. c4 Nc7 22. c5 Qb7 23. Bxf7+ Kh8 24. Bxe8 Rxe8 25. Bh6 Ncd5 26. Bxg7+ Kxg7 27. Qg5 b4 28. axb4 Nxb4 29. Rxa4 Qb5 30. Rxb4 Qxe2 31. Qc1 Nd5 32. Rb3 Rf8 33. Rf3 Rxf3 34. Nxf3 Nb4 35. Qd2 Qb5 36. h4 Nd3 37. Qe2 Kf8 38. h5 Nxb2 39. Qe5 gxh5 40.
Qh8+ Kf7 41. Qxh7+ Ke8 42. Ne5 Kd8 43. Qxh5 Nc4 44.
Qh8+ Kc7 45. Nxc4 Qxc4 46. Qe5+ Kd7 47. g4 Qc1+ 48. Kg2 Qc4 49. Kg3 Qg8 50. f3 e6 51.
g5 Qg6 52. Kg4 Ke8 53. Qh8+ Kd7 54. Qf6 Qc2 55. Qf7+ Kd8 56. Qxe6 Qg2+ 57. Kf4 Qd2+ 58. Kf5 Qd3+ 59. Qe4 Qf1 60. g6 Qh3+ 61. Qg4 Qf1 62. g7 Qd3+ 63. Ke5 Kc7 64. g8=Q Qe3+ 65. Qe4 Qf2 66.
Qeh7# 1-0

[Event "Early-Titled-Tuesday-Blitz-April-16-2024"]
[Site "Chess.com"]
[Date "2024.04.16"]
[Round "4"]
[White "SpongeBob_03"]
[Black "santosalberto1987"]
[Result "0-1"]
[WhiteElo "2236"]
[BlackElo "2559"]
[TimeControl "180+1"]
[EndTime "8:40:54 PDT"]
[Termination "santosalberto1987 won by checkmate"]

1. e4 e6 2. d4 d5 3. Nc3 Nf6 4. exd5 exd5 5. Bd3 Be7 6. Nge2 O-O 7. O-O Bg4 8. f3 Bh5 9. Ng3 Bg6 10. Bf4 c6 11. Bf5 Nbd7 12. Qd3 Re8 13. Nce2 Nf8 14. c3 Bd6 15. Rae1 Qc7 16. Bxd6 Qxd6 17. Bxg6 hxg6 18. f4 Ne4 19. f5 g5 20. Nxe4 Rxe4 21.
Ng3 Rxe1 22. Rxe1 Nd7 23. Qe3 Qf4 24. Qxf4 gxf4 25. Nh5 f3 26. Re7 Rd8 27. gxf3 Kf8 28. Re3 Nb6 29. b3 Nc8 30. h4 Nd6 31. Ng3 Re8 32.
Rxe8+ Kxe8 33. Kf2 Ke7 34. Ke3 Kf6 35. Kf4 g6 36. fxg6 fxg6 37. Kg4 a5 38. f4 Ne4 39. Ne2 b5 40. Kf3 b4 41. c4 Nd6 42. cxd5 cxd5 43.
Kg4 Nb5 44. Kf3 Kf5 45. Ng3+ Kf6 46. Nf1 Nxd4+ 47. Ke3 Nf5+ 48. Kd3 Nxh4 49. Ne3 Ke6 50. Kd4 Nf5+ 51. Kc5 Nxe3 52. Kb5 d4 53. Kxa5 d3 54. Kxb4 d2 55. a4 d1=Q 56. a5 Nd5+ 57. Kb5 Qxb3+ 58. Ka6 Nc7+ 59. Ka7 Kd6 60. a6 Kc6 61. f5 Qb6# 0-1

[Event "Early-Titled-Tuesday-Blitz-April-16-2024"]
[Site "Chess.com"]
[Date "2024.04.16"]
[Round "4"]
[White "FGHSMN"]
[Black "viditchess"]
[Result "0-1"]
[WhiteElo "2901"]
[BlackElo "3138"]
[TimeControl "180+1"]
[EndTime "8:40:55 PDT"]
[Termination "viditchess won by resignation"]

1. e4 c6 2. d4 d5 3. e5 Bf5 4. g4 Bd7 5. Nc3 c5 6. dxc5 e6 7. Be3 Nc6 8. Nf3 Qa5 9. a3 a6 10. b4 Qc7 11. Qd2 Nxe5 12. Nxe5 Qxe5 13. Bg2 Nf6 14.
O-O-O Qc7 15. g5 Nh5 16. Rhe1 Be7 17. Bf3 g6 18. Bxh5 gxh5 19. Bd4 Rg8 20. Bf6 Bc6 21. Be5 Qd7 22. f4 a5 23. Kb2 axb4 24. axb4 b6 25. cxb6 Bxb4 26. Ra1 Rc8 27. Red1 Bb7 28. Qe3 Qc6 29. Rd3 Bc5 30. Qd2 Qxb6+ 31. Kc1 Ba6 32.
Na4 Qb5 33. Nxc5 Rxc5 34. Kd1 Kd7 35. Bd4 Rc6 36. f5 Rgc8 37. fxe6+ Rxe6 38. Qf2 Ke8 39. g6 hxg6 40. Rb3 Qe2+ 41. Qxe2 Bxe2+ 42. Kd2 Bc4 43. Re3 Rxe3 44. Kxe3 Bb5 45. c3 Bd7 46. Kf4 Be6 47. Kg5 Kd7 48. Ra7+ Kc6 49. Ra6+ Kb5 50. Ra1 Kc4 51. Re1 Rb8 52. h4 Rb2 53. Bf6 Rg2+ 54.
Kh6 Rg4 55. Kg7 Rg3 56. Rb1 Rxc3 57. Bxc3 Kxc3 58. Kf6 d4 59. Ke5 d3 60. Rc1+ Kb2 61. Rh1 d2 62. Kd4 Bb3 63. Rh2 Kc1 64. Kc3 d1=Q 0-1

[Event "Early-Titled-Tuesday-Blitz-April-16-2024"]
[Site "Chess.com"]
[Date "2024.04.16"]
[Round "4"]
[White "stepanosinovsky"]
[Black "kyuotbi"]
[Result "0-1"]
[WhiteElo "2407"]
[BlackElo "2273"]
[TimeControl "180+1"]
[EndTime "8:40:55 PDT"]
[Termination "kyuotbi won by checkmate"]

1. e4 e5 2. Nf3 Nc6 3. Bb5 a6 4. Ba4 Nf6 5. O-O Be7 6. Re1 b5 7. Bb3 d6 8. c3 O-O 9. h3 Na5 10. Bc2 c5 11. d4 Qc7 12. d5 Nb7 13. b3 c4 14. b4 a5 15. Nh2 axb4 16.
cxb4 Bd7 17. Nc3 g6 18. g4 Ne8 19. Kh1 Ng7 20. Rg1 Bh4 21. Rg2 Qb6 22. Qd2 f6 23. Nf3 Bg5 24. Nxg5 fxg5 25. Qxg5 Nd8 26. Be3 Qc7 27.
Qh4 Ra3 28. Bd2 Rf3 29. Nd1 Rxh3+ 30. Rh2 Rxh2+ 31. Qxh2 Bxg4 32. Nc3 Qd7 33. Kg2 Nf7 34. f3 Nh5 35. fxg4 Qxg4+ 36. Kf2 Nf4 37. Rg1 Nh3+ 38. Kf1 Nxg1 39. Qxg1 Qf3+ 40. Qf2 Rxc3 41. Bxc3 Qxc3 42. Kg2 Kg7 43. Bd1 Qxb4 44. Bg4 c3 45.
Be6 Qxe4+ 46. Kg1 Qd4 47. Qxd4 exd4 48. Kf2 Ne5 49. Ke2 d3+ 50. Ke3 c2 51. Kd2 Nc4+ 52.
Kc1 Kf6 53. Bd7 Na3 54. Bh3 Ke5 55. Bf1 Kd4 56. Kd2 Nc4+ 57. Kc1 Ne3 58. a4 bxa4 59.
Bxd3 Kxd3 60. Kb2 Kd2 61. Ka2 Nc4 62. Ka1 c1=Q+ 63. Ka2 Qb2# 0-1

[Event "Early-Titled-Tuesday-Blitz-April-16-2024"]
[Site "Chess.com"]
[Date "2024.04.16"]
[Round "4"]
[White "chess_blitz00"]
[Black "RandomNoob04"]
[Result "1/2-1/2"]
[WhiteElo "2512"]
[BlackElo "2655"]
[TimeControl "180+1"]
[EndTime "8:40:58 PDT"]
[Termination "Game drawn by repetition"]

1. Nf3 Nf6 2. g3 d5 3. Bg2 e6 4. O-O Be7 5. d3 O-O 6. Nbd2 Nc6 7. e4 dxe4 8. Nxe4 Nxe4 9. dxe4 e5 10. Be3 Bg4 11. c3 Qxd1 12. Rfxd1 Rfd8 13. h3 Bh5 14. Rd5 f6 15. Rad1 Bf7 16. Rxd8+ Rxd8 17. Rxd8+ Bxd8 18. b3 Kf8 19. Nd2 Ke7 20. Bf1 a6 21. Bc4 Bxc4 22.
Nxc4 Ke6 23. Kg2 b6 24. f4 exf4 25. gxf4 f5 26. Kf3 fxe4+ 27. Kxe4 g6 28. Bd4 Ne7 29. Ne3 c6 30. c4 b5 31. Be5 Ba5 32. Nc2 Nf5 33.
Nd4+ Nxd4 34. Kxd4 Bb6+ 35. Ke4 Bf2 36. cxb5 cxb5 37. a4 bxa4 38. bxa4 Bc5 39. Bc3 Bd6 40. Bd2 Bc7 41. Bc3 h5 42. Bd2 Bd8 43. Bc3 g5 44.
fxg5 Bxg5 45. Be1 Be7 46. Kd4 Kd7 47. Kd5 Bf8 48. Ke5 Kc6 49. Kf5 Be7 50. Kg6 h4 51. Kh5 Kd5 52. Bxh4 Bd6 53. Bg5 Kc4 54. Bd2 Bc7 55.
Be1 a5 56. Kg4 Kb3 57. h4 Kxa4 58. h5 Be5 59. Kf5 Bh8 60. h6 Kb5 61. Bxa5 Kxa5 62.
Kg6 Kb6 63. Kh7 Ba1 64. Kg8 Kc7 65. Kf7 Kd8 66. h7 Kd7 67. Kf8 Ke6 68. Ke8 Kf5 69.
Kf7 Bh8 70. Kg8 Ba1 71. Kf7 Bh8 72. Kg8 Ba1 73. Kf7 1/2-1/2